 Dungeon Sprint DCSS version 0.26-b1-45-g23770d1d51 (webtiles) character file.

Game seed: 2015689929658755793

263463 Groucho the Imperceptible (level 11, 60/60 HPs)
             Began as a Felid Berserker on Jan 6, 2021.
             Was the Champion of Trog.
             Escaped with the Orb!
             The game lasted 00:21:45 (5195 turns).

Groucho the Imperceptible (Felid Berserker)         Turns: 5195, Time: 00:21:46

Health: 60/60      AC:  3    Str: 13    XL:     11   Next: 23%
Magic:  12/12      EV: 35    Int:  8    God:    Trog [******]
Gold:   1760       SH:  0    Dex: 21    Spells: 10/10 levels left
                                        Lives:  1   Deaths: 2

rFire    + . .     SeeInvis +     - Unarmed
rCold    + . .     Faith    .   (shield unavailable)
rNeg     . . .     Spirit   .   (armour unavailable)
rPois    .         Reflect  .   (helmet unavailable)
rElec    +         Harm     .   (cloak unavailable)
rCorr    .         Rampage  .   (gloves unavailable)
Will     +....     NoTele   +   (boots unavailable)
Stlth    +++.......             (no amulet)
HPRegen  0.20/turn              k - ring of flight
MPRegen  0.13/turn              j - ring "Cetul" {rElec rF+ Slay+5}

@: flying, quick
A: very small, no armour, no weapons or thrown items, stealth, claws 1, fangs 3,
see invisible, speed 1, shaggy fur 3, sharp paws
0: Orb of Zot
a: Stop Flying, Renounce Religion, Berserk, Trog's Hand, Brothers in Arms


You escaped.
You worshipped Trog.
Trog was exalted by your worship.
You visited 1 branch You collected 3703 gold pieces.
You spent 1943 gold pieces at shops.

Inventory:

Jewellery
 f - an uncursed ring of see invisible {unknown}
 j - the ring "Cetul" (right paw) {rElec rF+ Slay+5}
   (You bought it in a shop in the Dungeon)

   [ring of protection from fire]

   It affects your accuracy and damage with ranged weapons and melee attacks
   (+5).
   It protects you from fire.
   It insulates you from electricity.
 k - a ring of flight (left paw)
 r - the ring "Yrililos" {rPois rF- Int+6 Dex+4}
   (You bought it in a shop in the Dungeon)

   [ring of intelligence]

   It affects your intelligence (+6).
   It affects your dexterity (+4).
   It makes you vulnerable to fire.
   It protects you from poison.
Wands
 e - a wand of polymorph (2)
 h - a wand of acid (8)
 i - a wand of paralysis (7)
 l - a wand of digging (1)
Scrolls
 g - 3 scrolls of remove curse {unknown}
 o - a scroll of magic mapping {unknown}
 q - a scroll of identify
Potions
 a - 5 potions of curing
 b - a potion of lignification {unknown}
 d - 2 potions of magic
 m - a potion of brilliance {unknown}
 n - a potion of berserk rage
 p - 3 potions of flight {unknown}


   Skills:
 + Level 14.2 Fighting
 + Level 17.7 Dodging
 - Level 22.7 Stealth
 * Level 16.9 Unarmed Combat
 + Level 11.1 Evocations


You had 10 spell levels left.
You didn't know any spells.
Your spell library was empty.

Dungeon Overview and Level Annotations

Branches:
Dungeon (1/1)

Altars:
Cheibriados
Dithmenos
Elyvilon
Fedhas
Gozag
Hepliaklqana
Kikubaaqudgha
Makhleb
Nemelex Xobeh
Okawaru
Qazlal
Ru
Sif Muna
Trog
Uskayaw
Vehumet
Wu Jian
Xom
Yredelemnul
Zin
The Shining One
Jiyva
Lugonu

Shops:
D :(*=[(}=!(}[*!=[(=

Annotations:
D Tiamat


Innate Abilities, Weirdness & Mutations

You cannot wear armour.
You are incapable of wielding weapons or throwing items.
Your paws allow you to move quietly. (Stealth)
You have sharp claws.
You have razor-sharp teeth.
You have supernaturally acute eyesight. (SInv)
You cover ground quickly.
Your thick and shaggy fur keeps you warm. (AC +3, rC+)
Your sharp claws are effective at attacking unaware monsters.


Message History

a +2 scimitar of holy wrath; a +0 tower shield
There is an open door here.
There is an open door, spattered with blood here.
Your extra speed is starting to run out.
There is an open door here.
A Tzitzimitl comes into view.
There is an open door here.
You feel yourself slow down.
There is an open door here.
There is an open door here.
There is an open door here.
There is an open door here.
Things that are here:
a +0 scythe; a +2 robe of cold resistance
There is an open door here.
There is an open door here.
You see here a +0 leather armour.
There is an open door, spattered with blood here.
There is a staircase leading out of the dungeon here.
You have escaped!

##################
#@.#.['..#.)'..#__
#..').#..'..#..'.1
#..#####'#####'#__
#..####..#...#.###
#..#__####..##§#§§
#..#_____##'#_.§§§
#⌠⌠#_.∩...'...§#§≈
####_..__##_.#'##+
#_____###'#.#..


There were no monsters in sight!

Vanquished Creatures
  3 fire giants (D)
  A daeva (D)
  A lorocyproca (D)
  A hydra (D)
  2 centaur warriors (D)
  Sonja (D)
  7 unseen horrors (D)
  A deep troll (D)
  A lindwurm (D)
  An oklob plant (D)
  A merfolk siren (D)
  A gargoyle (D)
  2 kobold demonologists (D)
  A demonic crawler (D)
  A meliai (D)
  A hornet (D)
  A slime creature (D)
  Sigmund (D)
  2 redbacks (D)
  A yak (D)
  13 hogs (D)
  3 floating eyes (D)
  7 necrophages (D)
  An ogre (D)
  8 jellies (D)
  Ijyb (D)
64 creatures vanquished.

Vanquished Creatures (collateral kills)
  A golden dragon (D)
  A shadow dragon (D)
  A fire giant (D)
  3 demonic crawlers (D)
6 creatures vanquished.

Vanquished Creatures (others)
  A gargoyle (D)
  2 ballistomycete spores (D)
3 creatures vanquished.

Grand Total: 73 creatures vanquished

Notes
Turn   | Place    | Note
-------+----------+-------------------------------------------
     0 | D        | Groucho the Felid Berserker began the quest for the Orb.
     0 | D        | Reached XP level 1. HP: 10/10 MP: 2/2
     2 | D        | Noticed Ijyb
    21 | D        | Killed Ijyb
    22 | D        | Reached skill level 8 in Stealth
    22 | D        | Reached XP level 2. HP: 7/14 MP: 3/3
    22 | D        | Reached XP level 3. HP: 9/17 MP: 4/4
   306 | D        | Noticed an ogre
   313 | D        | Killed an ogre
   314 | D        | Reached skill level 12 in Stealth
   314 | D        | Reached XP level 4. HP: 15/21 MP: 5/5
   619 | D        | Noticed Sigmund
   626 | D        | Killed Sigmund
   626 | D        | Reached ** piety under Trog
   627 | D        | Reached skill level 16 in Stealth
   627 | D        | Reached XP level 5. HP: 24/24 MP: 6/6
   627 | D        | Gained mutation: You are covered in thick fur. (AC +2)
                  | [Felid growth]
   627 | D        | Reached XP level 6. HP: 28/28 MP: 7/7
   871 | D        | Found a shimmering blue altar of Sif Muna.
   872 | D        | Found an ornate altar of the Wu Jian Council.
   873 | D        | Found a radiant altar of Vehumet.
   879 | D        | Found Wunt's Weapon Emporium.
   879 | D        | Found an ancient bone altar of Kikubaaqudgha.
   879 | D        | Found a hazy altar of Hepliaklqana.
   879 | D        | Found a stormy altar of Qazlal.
   879 | D        | Found a hide-covered altar of Uskayaw.
   879 | D        | Found a blossoming altar of Fedhas.
   879 | D        | Found a bloodstained altar of Trog.
   879 | D        | Found an iron altar of Okawaru.
   879 | D        | Found a basalt altar of Yredelemnul.
   879 | D        | Found a glowing golden altar of the Shining One.
   879 | D        | Found a snail-covered altar of Cheibriados.
   879 | D        | Found a sacrificial altar of Ru.
   879 | D        | Found a glowing silver altar of Zin.
   879 | D        | Found a shadowy altar of Dithmenos.
   879 | D        | Found a white marble altar of Elyvilon.
   879 | D        | Noticed a yak
   880 | D        | Found an opulent altar of Gozag.
   881 | D        | Killed a yak
   882 | D        | Reached skill level 18 in Stealth
   882 | D        | Found a sparkling altar of Nemelex Xobeh.
   949 | D        | Found a burning altar of Makhleb.
   949 | D        | Found a shimmering altar of Xom.
   949 | D        | Noticed a slime creature
   950 | D        | Found a viscous altar of Jiyva.
   950 | D        | Found a corrupted altar of Lugonu.
   952 | D        | Killed a slime creature
   952 | D        | Reached *** piety under Trog
   953 | D        | Reached skill level 19 in Stealth
   953 | D        | Reached XP level 7. HP: 31/31 MP: 8/8
   973 | D        | Noticed a centaur warrior
   973 | D        | Noticed a centaur warrior
   979 | D        | Killed a centaur warrior
   980 | D        | Reached skill level 5 in Fighting
   980 | D        | Reached skill level 20 in Stealth
   980 | D        | Reached skill level 5 in Unarmed Combat
   980 | D        | Reached XP level 8. HP: 22/38 MP: 9/9
   982 | D        | HP: 2/57 [centaur warrior (15)]
   984 | D        | Killed a centaur warrior
   985 | D        | Reached skill level 21 in Stealth
  1314 | D        | Noticed a hornet
  1317 | D        | Killed a hornet
  1318 | D        | Reached XP level 9. HP: 43/43 MP: 10/10
  1330 | D        | Noticed an oklob plant
  1332 | D        | Killed an oklob plant
  1333 | D        | Reached skill level 10 in Dodging
  1341 | D        | Reached **** piety under Trog
  1365 | D        | Noticed an unseen horror
  1366 | D        | Noticed an unseen horror
  1732 | D        | Killed an unseen horror
  1733 | D        | Reached skill level 22 in Stealth
  2152 | D        | Killed an unseen horror
  2152 | D        | Reached ***** piety under Trog
  2153 | D        | Reached XP level 10. HP: 49/49 MP: 11/11
  2579 | D        | Reached ****** piety under Trog
  2585 | D        | Reached skill level 10 in Fighting
  2585 | D        | Reached skill level 10 in Unarmed Combat
  2603 | D        | Found Qomu's Jewellery Shoppe.
  2603 | D        | Found Hiluajul's General Store.
  2603 | D        | Found Sikheos's Armour Boutique.
  2605 | D        | Found Liecve's Weapon Emporium.
  2605 | D        | Found Tycol's Gadget Shop.
  2605 | D        | Found Xaroasku's Jewellery Shoppe.
  2605 | D        | Found Deruur's Distillery.
  2605 | D        | Found Ilybryov's Antique Weapon Emporium.
  2605 | D        | Found Hulliw's Gadget Shop.
  2605 | D        | Found Senkemm's Armour Shoppe.
  2609 | D        | Found Noca's Assorted Antiques.
  2610 | D        | Found Ariw's Jewellery Emporium.
  2610 | D        | Found Logeann's Distillery.
  2611 | D        | Found Xiydomie's Antique Weapon Emporium.
  2612 | D        | Bought the ring "Cetul" {rElec rF+ Slay+5} for 720 gold
                  | pieces
  2612 | D        | Bought an uncursed ring of flight for 210 gold pieces
  2617 | D        | Bought a wand of digging (4) for 160 gold pieces
  2672 | D        | Noticed a deep troll
  2674 | D        | Killed a deep troll
  2686 | D        | Found Becotedo's Armour Emporium.
  2700 | D        | Noticed Sonja
  2703 | D        | Killed Sonja
  2720 | D        | Found Diunum's Book Boutique.
  3093 | D        | Killed a gargoyle
  3310 | D        | Reached skill level 1 in Evocations
  3588 | D        | Noticed a lindwurm
  3592 | D        | Killed a lindwurm
  3603 | D        | Reached XP level 11. HP: 55/55 MP: 12/12
  3619 | D        | Reached skill level 5 in Evocations
  3654 | D        | Noticed a 12-headed hydra
  3656 | D        | Killed a 12-headed hydra
  3730 | D        | Noticed a shadow dragon
  3730 | D        | Noticed a golden dragon
  3740 | D        | Killed a shadow dragon
  3741 | D        | Reached skill level 15 in Dodging
  3741 | D        | Mangled by a golden dragon
  3742 | D        | Reached XP level 10. HP: -12/53 MP: 11/11
  3752 | D        | Killed a golden dragon
  3825 | D        | Found Yzaoll's Jewellery Shoppe.
  3842 | D        | Bought the ring "Yrililos" {rPois rF- Int+6 Dex+4} for 853
                  | gold pieces
  4414 | D        | Noticed a gargoyle
  4426 | D        | Killed a gargoyle
  4474 | D        | Noticed a lorocyproca
  4479 | D        | Killed a lorocyproca
  4480 | D        | Reached XP level 11. HP: 57/57 MP: 12/12
  4802 | D        | Noticed a deep elf annihilator
  4807 | D        | Noticed a mummy priest
  4825 | D        | Noticed a daeva
  4829 | D        | Noticed an unseen horror
  4829 | D        | Noticed an unseen horror
  4829 | D        | Noticed an unseen horror
  4829 | D        | Noticed an unseen horror
  4831 | D        | Killed an unseen horror
  4832 | D        | Noticed an unseen horror
  4833 | D        | Killed an unseen horror
  4834 | D        | Reached skill level 15 in Unarmed Combat
  4834 | D        | Killed an unseen horror
  4836 | D        | Killed an unseen horror
  4838 | D        | Killed an unseen horror
  4862 | D        | Killed a daeva
  4863 | D        | Reached skill level 10 in Evocations
  4927 | D        | Noticed a fire giant
  4930 | D        | Noticed a fire giant
  4931 | D        | Noticed a fire giant
  4932 | D        | Noticed a fire giant
  4945 | D        | Killed a fire giant
  4957 | D        | Killed a fire giant
  4959 | D        | HP: 4/88 [fire giant/+4 great sword of flaming (2)]
  4965 | D        | Killed a fire giant
  4966 | D        | Gained mutation: Your thick and shaggy fur keeps you warm.
                  | (AC +3, rC+) [Felid growth]
  4966 | D        | Reached XP level 12. HP: 8/64 MP: 13/13
  4966 | D        | Mangled by a fire giant
  4967 | D        | Reached XP level 11. HP: -10/90 MP: 12/12
  5034 | D        | Killed a fire giant
  5120 | D        | Identified the +4 dragonskin cloak
  5120 | D        | Noticed Tiamat
  5122 | D        | Got the Orb of Zot
  5167 | D        | Noticed a Tzitzimitl
  5195 | D        | Escaped with the Orb!

Illustrated notes

Levels and vault maps discovered:
D:        dungeon_sprint_1 [red_sonja_temple_1, red_sonja_temple_small_1]

Skill      XL: |  1  2  3  4  5  6  7  8  9 10 11 |
---------------+----------------------------------+-----
Stealth        | 8 12 16 19 20 21 22 | 22.7
Fighting       | 5 7 9 11 14 | 14.2
Dodging        | 7 9 12 14 17 | 17.7
Unarmed Combat | 5 7 9 14 16 | 16.9
Evocations     | 8 11 | 11.1

Action                   |  1- 3 |  4- 6 |  7- 9 | 10-12 || total
-------------------------+-------+-------+-------+-------++-------
Melee: Unarmed           |    21 |     8 |    38 |   121 ||   188
       Bite              |       |       |     4 |    23 ||    27
       Punch             |       |       |     1 |    10 ||    11
Invok: Berserk           |     1 |     1 |     3 |     5 ||    10
       Trog's Hand       |       |       |     2 |     4 ||     6
       Brothers in Arms  |       |       |       |     7 ||     7
 Abil: Evoke Flight      |       |       |       |     1 ||     1
Evoke: Wand              |       |       |       |     3 ||     3
  Use: Potion            |     1 |       |     1 |     2 ||     4
       Scroll            |       |       |     1 |     1 ||     2
 Stab: Sleeping          |     1 |     3 |     5 |    30 ||    39
Armor: Skin              |     1 |       |     3 |       ||     4
Dodge: Dodged            |    10 |     3 |    51 |    75 ||   139
